cohdb
Replays
Latest Replays
All Replays
Popular Replays
Top Player Replays
Match Explorer
How It Works
Community
CoH3 Stats
Reddit
Sign in to upload your games and track your stats! →
Sign in with Steam
Flekz 2v2 DAKWM
Match 15600638
Overview
Messages
Build Orders
End
Construct Barracks
Selects Armored Battlegroup
Selects Assault Engineers
Assault Engineer Squad
Riflemen Squad
Riflemen Squad
Riflemen Squad
Infantry Support Center
Riflemen Squad
Construct Motor Pool
Selects Field Repairs
M8 Greyhound Armored Car
Grenade Package
M1918 Browning Automatic Rifles
Munitions Surplus
M8 Greyhound Armored Car
M1 Anti-tank Gun Team
M1 Mortar Team
Construct Medical Station
Riflemen Squad
Selects War Machine
Selects Strength in Steel
M1 Anti-tank Gun Team
Riflemen Squad
Construct Tank Depot
AI Takeover
TheGrandFromage
Haivan024
MonoChrome
Twitchflekz127
0
0
Comments
sign in to comment!
No comments posted yet!